 Dungeon Crawl Stone Soup version 0.30-a0-897-ga2f19c967e (webtiles) character file.

Game seed: 14923090212717876383

2566 112233 the Magician (level 9, 0/58 HPs)
             Began as an Octopode Earth Elementalist on Mar 18, 2023.
             Was a Believer of Vehumet.
             Slain by Pikel
             ... wielding a +2 whip of flaming
              (4 damage)
             ... on level 7 of the Dungeon.
             The game lasted 00:07:18 (8031 turns).

112233 the Magician (Octopode Earth Elementalist)   Turns: 8031, Time: 00:07:19

Health: 0/58       AC:  1    Str:  7    XL:     9   Next: 57%
Magic:  7/29       EV: 14    Int: 21    God:    Vehumet [**....]
Gold:   299        SH:  0    Dex: 13    Spells: 16/22 levels left

rFire   . . .      SeeInvis .    (no weapon)
rCold   . . .      Faith    .    (no shield)
rNeg    + . .      Spirit   .    (helmet restricted)
rPois   .          Reflect  .    z - amulet of magic regeneration
rElec   .          Rampage  .    i - ring of positive energy
rCorr   .                        n - ring of magical power
Will    .....                    (no ring)
Stlth   +++                      (no ring)
HPRegen 0.29/turn                (no ring)
MPRegen 0.61/turn                (no ring)
                                 (no ring)
                                 (no ring)

@: very slightly contaminated
A: almost no armour, amphibious, 8 rings, camouflage 1, gelatinous body 1,
(nimble swimmer 1), tentacles
a: Renounce Religion


You were on level 7 of the Dungeon.
You worshipped Vehumet.
Vehumet was pleased with you.
You visited 2 branches of the dungeon, and saw 9 of its levels.

You collected 299 gold pieces.

Inventory:

Hand Weapons
 l - a +3 war axe
Missiles
 t - a throwing net
 y - 6 atropa-tipped darts
Jewellery
 i - a ring of positive energy (left tentacle)
 j - an amulet of reflection
 n - a ring of magical power (right tentacle)
 z - an amulet of magic regeneration (around mantle)
Wands
 q - a wand of paralysis (19)
 A - a wand of iceblast (3)
Scrolls
 b - a scroll of fog
 d - a scroll of teleportation
 e - a scroll of fear
 o - a scroll of vulnerability
 r - a scroll of poison
 u - 2 scrolls of blinking
 x - 2 scrolls of immolation {unknown}
Potions
 a - a potion of magic
 c - 2 potions of flight
 f - 3 potions of resistance
 g - 3 potions of curing
 h - 3 potions of heal wounds
 k - a potion of ambrosia {unknown}
 m - 2 potions of attraction {unknown}
 p - a potion of cancellation {unknown}
 s - 2 potions of brilliance {unknown}
 v - a potion of might {unknown}
 w - a potion of invisibility {unknown}


   Skills:
 + Level 4.0 Fighting
 + Level 4.8 Dodging
 - Level 3.0 Stealth
 * Level 7.4 Spellcasting
 + Level 4.1 Conjurations
 - Level 1.2 Transmutations
 * Level 7.0 Earth Magic


You had 16 spell levels left.
You knew the following spells:

 Your Spells              Type           Power      Damage    Failure   Level
a - Sandblast             Erth           74%        2d16      1%          1
b - Stone Arrow           Conj/Erth      62%        3d10      2%          3
c - Passwall              Tmut/Erth      20%        N/A       2%          2

Your spell library contained the following spells:

 Spells                   Type           Power      Damage    Failure   Level
 Momentum Strike          Conj/Tloc      32%        3d8       5%          2
 Sting                    Tmut/Pois      40%        1d5       7%          1
 Summon Small Mammal      Summ           28%        N/A       9%          1
 Poisonous Vapours        Pois/Air       14%        N/A       13%         2
 Petrify                  Tmut/Erth      25%        N/A       16%         4
 Leda's Liquefaction      Hex/Erth       11%        N/A       21%         4
 Call Canine Familiar     Summ           7%         N/A       26%         3
 Portal Projectile        Hex/Tloc       14%        N/A       26%         3
 Summon Guardian Golem    Hex/Summ       7%         N/A       26%         3
 Olgreb's Toxic Radiance  Pois           7%         N/A       63%         4


Dungeon Overview and Level Annotations

Branches:
Dungeon (8/15)             Temple (1/1) D:5
   Lair: D:8-11

Altars:
Ashenzari
Cheibriados
Elyvilon
Fedhas
Gozag
Hepliaklqana
Kikubaaqudgha
Nemelex Xobeh
Okawaru
Qazlal
Ru
Sif Muna
Trog
Uskayaw
Vehumet
Wu Jian
Xom
Yredelemnul
Zin

Shops:
D:3 :=?   D:5 !

Annotations:
D:3 Robin
D:4 Sigmund
D:5 2 transporters, 112233's ghost, amateur OpFE
D:7 Pikel


Innate Abilities, Weirdness & Mutations

You cannot wear most types of armour.
You are amphibious.
You can wear up to eight rings at the same time.
Your skin changes colour to match your surroundings (Stealth+).
Your rubbery body absorbs attacks. (AC +1, EV +1)
((You are camouflaged when in or above water. (Stealth+)))
You have tentacles for arms and can constrict up to eight enemies at once.


Message History

The stone arrow misses Pikel.
Pikel misses you.
Unknown command.
Casting: Stone Arrow (dangerous; 2% risk of failure)
Confirm with . or Enter, or press ? or * to list all spells.
Aiming: Stone Arrow (dangerous; 2% risk of failure)
Press: ? - help, Shift-Dir - straight line, f/p - Pikel
Aim: Pikel, wielding a +2 whip of flaming and wearing a +0 robe (severely wounded, 67% to hit)
You miscast Stone Arrow.
You are very lightly contaminated with residual magic.
Nothing appears to happen.
The orc shouts!
Pikel hits you with a +2 whip of flaming.
Pikel burns you.
Casting: Stone Arrow (dangerous; 2% risk of failure)
Confirm with . or Enter, or press ? or * to list all spells.
Aiming: Stone Arrow (dangerous; 2% risk of failure)
Press: ? - help, Shift-Dir - straight line, f/p - Pikel
Aim: Pikel, wielding a +2 whip of flaming and wearing a +0 robe (severely wounded, 67% to hit)
The stone arrow misses Pikel.
The lemure misses you.
Pikel hits you with a +2 whip of flaming!
Pikel burns you.
Casting: Stone Arrow (dangerous; 2% risk of failure)
Confirm with . or Enter, or press ? or * to list all spells.
Aiming: Stone Arrow (dangerous; 2% risk of failure)
Press: ? - help, Shift-Dir - straight line, f/p - Pikel
Aim: Pikel, wielding a +2 whip of flaming and wearing a +0 robe (severely wounded, 67% to hit)
The stone arrow hits Pikel!
Pikel is almost dead.
Pikel barely misses you.
Casting: Stone Arrow (dangerous; 2% risk of failure)
Confirm with . or Enter, or press ? or * to list all spells.
Aiming: Stone Arrow (dangerous; 2% risk of failure)
Press: ? - help, Shift-Dir - straight line, f/p - Pikel
Aim: Pikel, wielding a +2 whip of flaming and wearing a +0 robe (almost dead, 67% to hit)
The stone arrow misses Pikel.
The lemure hits you!
* * * LOW HITPOINT WARNING * * *
Pikel hits you with a +2 whip of flaming!
* * * LOW HITPOINT WARNING * * *
Pikel burns you.
You die...

############.# .............###
#######.............
#>................#
#...###......)(...#
#.#.........†.....#
##.....#...........#
.....#.#...........#####
................@K......
.....##.........55......
.......................)
###.###............o..........
#.....<......[...............
#####.......................8.<
#..........................
#..........................
#..........................


You could see Pikel, 2 lemures and an orc.

Vanquished Creatures
  Grinder (D:3)
  Eustachio (D:4)
  Edmund (D:6)
  A water moccasin (D:5)
  3 sky beasts
  2 ogres (D:6)
  2 lemures (D:7)
  4 phantoms
  A kobold brigand (D:6)
  4 bullfrogs
  3 scorpions
  A howler monkey (D:4)
  4 hounds
  2 jellies
  A gnoll bouda (D:4)
  An orc priest (D:7)
  An iguana (D:6)
  Crazy Yiuf (D:3)
  2 sleepcaps (D:6)
  Jessica (D:3)
  11 gnolls
  13 adders
  An ufetubus (D:6)
  A worm (D:2)
  3 dart slugs
  17 orcs
  2 bats
  4 endoplasms
  5 giant cockroaches
  10 goblins
  9 hobgoblins
  11 jackals
  9 kobolds
  7 quokkas
  8 ball pythons
  3 frilled lizards
  6 rats
157 creatures vanquished.

Notes
Turn   | Place    | Note
-------+----------+-------------------------------------------
     0 | D:1      | 112233 the Octopode Earth Elementalist began the quest for
                  | the Orb.
     0 | D:1      | Reached XP level 1. HP: 11/11 MP: 3/3
    52 | D:1      | Reached XP level 2. HP: 14/17 MP: 0/5
    59 | D:1      | Learned a level 2 spell: Passwall
   359 | D:1      | Reached XP level 3. HP: 18/21 MP: 4/7
   829 | D:1      | Found a faded altar of an unknown god.
  1169 | D:2      | You fall into a shaft and drop 2 floors!
  1254 | D:3      | Found Weutud's Magic Scroll Emporium.
  1256 | D:3      | Reached XP level 4. HP: 27/27 MP: 7/9
  1256 | D:3      | Noticed Jessica
  1261 | D:3      | Killed Jessica
  1444 | D:2      | Learned a level 3 spell: Stone Arrow
  1447 | D:2      | Reached XP level 5. HP: 31/31 MP: 7/11
  2249 | D:3      | Noticed Grinder
  2272 | D:3      | Killed Grinder
  2273 | D:3      | Reached skill level 1 in Fighting
  2273 | D:3      | Reached skill level 5 in Spellcasting
  2273 | D:3      | Reached skill level 1 in Conjurations
  2273 | D:3      | Reached XP level 6. HP: 21/38 MP: 12/13
  2363 | D:3      | Found a runed translucent door.
  2364 | D:3      | Noticed Crazy Yiuf
  2439 | D:3      | Noticed Robin
  2444 | D:3      | Found Hahyip's Jewellery Emporium.
  2554 | D:3      | Found Kydduyh's Book Shop.
  2558 | D:3      | Found a blossoming altar of Fedhas.
  2768 | D:4      | Reached XP level 7. HP: 43/43 MP: 14/14
  2794 | D:4      | Noticed Sigmund
  2799 | D:5      | Entered Level 5 of the Dungeon
  2839 | D:5      | Found a transporter.
  2843 | D:5      | Noticed 112233's ghost (amateur OpFE)
  2863 | D:5      | Found a staircase to the Ecumenical Temple.
  2881 | Temple   | Entered the Ecumenical Temple
  3050 | Temple   | Became a worshipper of Vehumet
  3106 | D:5      | Found a transporter.
  4046 | D:5      | Reached skill level 5 in Earth Magic
  4046 | D:5      | Reached XP level 8. HP: 51/51 MP: 12/16
  4153 | D:5      | Found Ycisoc's Distillery.
  4699 | D:6      | Found a shimmering blue altar of Sif Muna.
  4702 | D:6      | Reached * piety under Vehumet
  4702 | D:6      | Offered knowledge of Kiss of Death by Vehumet.
  4963 | D:6      | Found an ancient bone altar of Kikubaaqudgha.
  5640 | D:4      | Noticed Eustachio
  5648 | D:4      | Killed Eustachio
  6431 | D:3      | Killed Crazy Yiuf
  6538 | D:6      | Reached XP level 9. HP: 49/57 MP: 5/19
  6582 | D:6      | Found a glowing silver altar of Zin.
  6862 | D:6      | Found a basalt altar of Yredelemnul.
  6923 | D:6      | Noticed Edmund
  6933 | D:6      | Killed Edmund
  7013 | D:6      | Found a snail-covered altar of Cheibriados.
  7015 | D:6      | Found a hazy altar of Hepliaklqana.
  7016 | D:6      | Found an opulent altar of Gozag.
  7105 | D:6      | Offered knowledge of Momentum Strike by Vehumet.
  7323 | D:7      | Noticed Pikel
  7440 | D:7      | Reached ** piety under Vehumet
  8031 | D:7      | Slain by Pikel

Illustrated notes

Levels and vault maps discovered:
D:1:      amcnicky_arrival_abandoned_market, layout_loops_ring,
          hellmonk_ecumenical_altar_heavens_door
D:2:      layout_loops_cross, st_stairs_6
D:3:      layout_basic, fedhas_altar_1, serial_shops, nicolae_diamond_shop,
          nicolae_shop_stone, nicolae_shop_advertising_works
          [nicolae_subvault_shop_adworks], kennysheep_big_empty_room,
          uniq_robin, uniq_crazy_yiuf_cottage, uniq_jessica, uniq_grinder
D:4:      layout_layer_cave, uniq_sigmund, uniq_eustachio
D:5:      layout_basic, minmay_temple_entry_mist, serial_shops, kennysheep_mini,
          gammafunk_ghost_stat_death
D:6:      minmay_recursive_quarters, layout_gridville,
          lemuel_coloured_pillars_altar, kennysheep_little_box,
          grunt_temple_overflow_open, uniq_edmund
D:7:      layout_basic, makhleb_altar_promises_db,
          nicolae_overflow_crystal_walls, serial_shops, shop_statue, uniq_pikel,
          uniq_menkaure
D:8:      layout_gridville, mainiacjoe_overflow_alcove_1, minmay_misc_feat_tiny
Temple:   chequers_temple_sunken

Skill      XL: |  1  2  3  4  5  6  7  8  9 |
---------------+----------------------------+-----
Stealth        | 3 |  3.0
Spellcasting   | 3 4 5 6 7 |  7.4
Fighting       | 1 2 3 4 |  4.0
Conjurations   | 1 2 3 4 |  4.1
Earth Magic    | 4 5 6 7 |  7.0
Dodging        | 3 4 |  4.8
Transmutations | |  1.2

Action                     |  1- 3 |  4- 6 |  7- 9 || total
---------------------------+-------+-------+-------++-------
  Melee: Unarmed           |    19 |     1 |     1 ||    21
         Constrict         |     7 |     1 |     1 ||     9
         Tentacles         |     6 |     1 |       ||     7
         Punch             |     2 |       |       ||     2
   Cast: Sandblast         |    43 |    73 |    46 ||   162
         Stone Arrow       |       |       |   119 ||   119
         Passwall          |       |       |     1 ||     1
  Evoke: Wand              |       |       |     3 ||     3
    Use: Potion            |       |     1 |     1 ||     2
         Scroll            |       |     1 |     8 ||     9
   Stab: Sleeping          |       |     1 |       ||     1
 Armour: Skin              |     3 |       |     1 ||     4
  Dodge: Dodged            |    38 |    14 |    55 ||   107
  Block: Other             |       |     2 |     9 ||    11

Table legend: (Time is in decaauts)
 A = Elapsed time spent in this place.
 B = Non-inter-level travel time spent in this place.
 C = Inter-level travel time spent in this place.
 D = Time resting spent in this place.
 E = Time spent auto-exploring this place.
 F = Levels seen in this place.
 G = Mean time per level.
                   A        B        C        D        E       F      G
               +--------+--------+--------+--------+--------+-----+--------+
         Total |   8102 |   7710 |    392 |    953 |   5705 |   9 |  900.2 |
       Dungeon |   7927 |   7554 |    373 |    953 |   5559 |   8 |  990.9 |
        Temple |    175 |    156 |     19 |      0 |    146 |   1 |  175.0 |
               +--------+--------+--------+--------+--------+-----+--------+

Top non-repeatable levels by time:
     D:5: 1561 daAuts
     D:6: 1442 daAuts
     D:4: 1426 daAuts
     D:1: 1057 daAuts
     D:2: 984 daAuts
     D:3: 882 daAuts
     D:7: 313 daAuts
     D:8: 259 daAuts
  Temple: 175 daAuts
